[ PARTIDA AOE2 · #494140312 ]
UnrankedJaponeses vs Tupi
Equipo del jugador · VICT
Equipo rival · DERR
[ ANÁLISIS DE REPETICIÓN · EXTRAÍDO DE LA PARTIDA GRABADA ]
Feudal
9:17
Castillos
—
Imperial
—
| APM promedio | 111.9 |
| APM pico | 218 |
| eAPM promedio | 56.2 |
| Aldeanos / militares | 42 / 22 |
Foco
⚔️ 64.0% · 🌾 36.0%
Militia ×12 · Skirmisher ×10
Feudal
9:20
Castillos
—
Imperial
—
| APM promedio | 70.2 |
| APM pico | 104 |
| eAPM promedio | 31.1 |
| Aldeanos / militares | 51 / 18 |
Foco
⚔️ 52.5% · 🌾 47.5%
Skirmisher ×10 · Archer ×8 · Unknown (2550) ×1
Mapa de la partida
Recursos iniciales + cada clic de construcción. Líneas = muros · curvas = relieve. ◆ oro · ⬟ piedra · ● bayas · ✦ reliquia · ◌ hueco del cierre
Tu base· Abierta — flanco sin cerrar
Base de Rosfield· Abierta — flanco sin cerrar
Terreno inicial suavizado · ◌ = hueco del cierre detectado · pasá el cursor para detalles
Inputs por minuto
— VIT | Hera - - Rosfield
Build order — VIT | Hera
120 acciones detectadas en el replay
| 0:00 | Crear | Villager (Male) |
| 0:00 | Crear | Villager (Male) |
| 0:01 | Crear | Villager (Male) |
| 0:01 | Construir | House |
| 0:04 | Construir | House |
| 0:12 | Crear | Villager (Male) |
| 0:12 | Crear | Villager (Male) |
| 1:29 | Crear | Villager (Male) |
| 1:29 | Crear | Villager (Male) |
| 1:29 | Crear | Villager (Male) |
| 1:58 | Crear | Villager (Male) |
| 1:58 | Crear | Villager (Male) |
| 2:18 | Crear | Villager (Male) |
| 2:18 | Crear | Villager (Male) |
| 2:34 | Construir | Lumber Camp |
| 2:51 | Crear | Villager (Male) |
| 2:51 | Crear | Villager (Male) |
| 3:24 | Crear | Villager (Male) |
| 3:58 | Construir | House |
| 4:11 | Crear | Villager (Male) |
| 4:11 | Crear | Villager (Male) |
| 4:12 | Crear | Villager (Male) |
| 4:21 | Crear | Villager (Male) |
| 4:21 | Crear | Villager (Male) |
| 4:29 | Construir | Mill |
| 5:25 | Crear | Villager (Male) |
| 5:41 | Construir | Barracks |
| 5:45 | Crear | Villager (Male) |
| 6:12 | Crear | Villager (Male) |
| 6:17 | Construir | House |
| 6:34 | Construir | Palisade Wall |
| 6:39 | Investigar | Loom |
| 7:07 | Investigar | Feudal Age |
| 7:11 | Construir | Mining Camp |
| 7:13 | Crear | Militia |
| 7:13 | Crear | Militia |
| 7:31 | Crear | Militia |
| 7:47 | Construir | Lumber Camp |
| 7:54 | Construir | House |
| 7:59 | Crear | Militia |
| 7:59 | Crear | Militia |
| 8:05 | Construir | Mill |
| 8:15 | Construir | House |
| 8:17 | Construir | House |
| 8:21 | Crear | Militia |
| 8:40 | Crear | Militia |
| 8:40 | Crear | Militia |
| 8:59 | Crear | Villager (Male) |
| 9:17 | Edad | Edad Feudal |
| 9:22 | Construir | Farm |
| 9:29 | Construir | House |
| 9:36 | Investigar | Man-at-Arms (upgrade) |
| 9:38 | Crear | Villager (Male) |
| 10:05 | Construir | House |
| 10:07 | Crear | Villager (Male) |
| 10:27 | Construir | Archery Range |
| 10:32 | Crear | Villager (Male) |
| 10:33 | Crear | Villager (Male) |
| 10:35 | Construir | Farm |
| 10:53 | Investigar | Double-Bit Axe |
| 10:53 | Investigar | Double-Bit Axe |
| 11:17 | Construir | Farm |
| 11:21 | Crear | Villager (Male) |
| 11:24 | Construir | House |
| 11:25 | Construir | Palisade Wall |
| 11:29 | Crear | Skirmisher |
| 11:40 | Crear | Villager (Male) |
| 11:42 | Construir | Farm |
| 11:54 | Crear | Skirmisher |
| 12:04 | Crear | Villager (Male) |
| 12:08 | Construir | Farm |
| 12:16 | Crear | Villager (Male) |
| 12:30 | Crear | Skirmisher |
| 12:31 | Construir | Farm |
| 12:57 | Crear | Villager (Male) |
| 12:59 | Crear | Skirmisher |
| 13:09 | Investigar | Arson |
| 13:09 | Investigar | Arson |
| 13:14 | Construir | Blacksmith |
| 13:18 | Crear | Villager (Male) |
| 13:27 | Crear | Skirmisher |
| 13:38 | Crear | Skirmisher |
| 13:49 | Investigar | Padded Archer Armor |
| 13:49 | Investigar | Padded Archer Armor |
| 13:53 | Construir | Farm |
| 13:53 | Crear | Villager (Male) |
| 13:57 | Crear | Militia |
| 14:01 | Construir | Farm |
| 14:11 | Construir | Farm |
| 14:16 | Crear | Villager (Male) |
| 14:33 | Crear | Skirmisher |
| 14:35 | Crear | Militia |
| 14:49 | Crear | Skirmisher |
| 14:50 | Crear | Villager (Male) |
| 15:02 | Crear | Villager (Male) |
| 15:10 | Crear | Villager (Male) |
| 15:11 | Construir | Farm |
| 15:13 | Construir | Farm |
| 15:13 | Construir | Farm |
| 15:14 | Construir | Farm |
| 15:20 | Investigar | Fletching |
| 15:20 | Investigar | Fletching |
| 15:20 | Investigar | Fletching |
| 15:24 | Construir | Farm |
| 15:28 | Construir | House |
| 15:31 | Crear | Militia |
| 15:39 | Construir | House |
| 15:41 | Construir | Farm |
| 15:49 | Crear | Villager (Male) |
| 15:55 | Construir | Farm |
| 16:03 | Construir | Farm |
| 16:04 | Crear | Militia |
| 16:21 | Crear | Skirmisher |
| 16:25 | Crear | Villager (Male) |
| 16:26 | Construir | Farm |
| 16:28 | Investigar | Scale Mail Armor |
| 16:28 | Investigar | Scale Mail Armor |
| 16:38 | Crear | Villager (Male) |
| 16:40 | Crear | Skirmisher |
| 16:50 | Construir | Farm |
Build order — Rosfield
110 acciones detectadas en el replay
| 0:04 | Construir | House |
| 0:05 | Crear | Villager (Male) |
| 0:05 | Crear | Villager (Male) |
| 0:05 | Crear | Villager (Male) |
| 0:06 | Construir | House |
| 0:08 | Crear | Villager (Male) |
| 1:06 | Crear | Villager (Male) |
| 1:32 | Crear | Villager (Male) |
| 1:55 | Crear | Villager (Male) |
| 2:16 | Crear | Villager (Male) |
| 2:16 | Crear | Villager (Male) |
| 2:29 | Construir | Settlement |
| 2:46 | Crear | Villager (Male) |
| 3:02 | Crear | Villager (Male) |
| 3:33 | Crear | Villager (Male) |
| 4:05 | Crear | Villager (Male) |
| 4:07 | Crear | Villager (Male) |
| 4:07 | Crear | Villager (Male) |
| 4:28 | Crear | Villager (Male) |
| 4:33 | Construir | Settlement |
| 4:42 | Crear | Villager (Male) |
| 4:42 | Crear | Villager (Male) |
| 5:04 | Crear | Villager (Male) |
| 5:05 | Crear | Villager (Male) |
| 5:26 | Crear | Villager (Male) |
| 5:52 | Crear | Villager (Male) |
| 6:13 | Crear | Villager (Male) |
| 6:32 | Investigar | Loom |
| 6:53 | Investigar | Feudal Age |
| 7:39 | Construir | Settlement |
| 8:18 | Construir | Barracks |
| 9:00 | Construir | Palisade Wall |
| 9:20 | Edad | Edad Feudal |
| 9:21 | Construir | Archery Range |
| 9:24 | Construir | Palisade Wall |
| 9:27 | Construir | Palisade Wall |
| 9:30 | Crear | Villager (Male) |
| 9:34 | Construir | Palisade Wall |
| 9:34 | Construir | Palisade Wall |
| 9:35 | Construir | Palisade Wall |
| 9:43 | Crear | Villager (Male) |
| 9:56 | Crear | Villager (Male) |
| 9:56 | Crear | Villager (Male) |
| 10:06 | Crear | Archer |
| 10:06 | Crear | Archer |
| 10:10 | Crear | Villager (Male) |
| 10:10 | Crear | Villager (Male) |
| 10:23 | Crear | Archer |
| 10:28 | Crear | Villager (Male) |
| 10:28 | Crear | Villager (Male) |
| 10:49 | Construir | Outpost |
| 11:00 | Crear | Villager (Male) |
| 11:01 | Crear | Archer |
| 11:18 | Crear | Villager (Male) |
| 11:19 | Crear | Villager (Male) |
| 11:23 | Crear | Villager (Male) |
| 11:23 | Crear | Villager (Male) |
| 11:25 | Construir | Blacksmith |
| 11:30 | Crear | Archer |
| 11:42 | Crear | Villager (Male) |
| 11:42 | Crear | Villager (Male) |
| 11:44 | Construir | Farm |
| 11:45 | Construir | Farm |
| 11:53 | Construir | House |
| 11:55 | Crear | Villager (Male) |
| 11:57 | Crear | Archer |
| 11:57 | Crear | Villager (Male) |
| 12:06 | Investigar | Fletching |
| 12:30 | Crear | Skirmisher |
| 12:32 | Crear | Villager (Male) |
| 12:33 | Construir | Farm |
| 12:33 | Construir | Farm |
| 12:34 | Crear | Villager (Male) |
| 12:36 | Construir | Farm |
| 12:43 | Crear | Villager (Male) |
| 12:55 | Crear | Villager (Male) |
| 12:58 | Construir | Farm |
| 13:01 | Crear | Villager (Male) |
| 13:13 | Crear | Skirmisher |
| 13:23 | Investigar | Padded Archer Armor |
| 13:26 | Crear | Villager (Male) |
| 13:29 | Construir | House |
| 13:40 | Crear | Skirmisher |
| 13:43 | Construir | House |
| 14:02 | Crear | Villager (Male) |
| 14:04 | Construir | Farm |
| 14:15 | Construir | House |
| 14:19 | Crear | Skirmisher |
| 14:19 | Crear | Skirmisher |
| 14:45 | Construir | Palisade Wall |
| 15:01 | Crear | Skirmisher |
| 15:09 | Crear | Archer |
| 15:12 | Crear | Villager (Male) |
| 15:15 | Construir | Farm |
| 15:16 | Construir | Farm |
| 15:21 | Crear | Skirmisher |
| 15:29 | Crear | Unit 2550 |
| 15:41 | Crear | Archer |
| 15:44 | Crear | Skirmisher |
| 15:47 | Construir | Archery Range |
| 15:51 | Construir | Palisade Wall |
| 15:56 | Construir | Watch Tower |
| 16:01 | Crear | Skirmisher |
| 16:11 | Crear | Villager (Male) |
| 16:17 | Crear | Skirmisher |
| 16:25 | Crear | Villager (Male) |
| 16:38 | Construir | House |
| 16:48 | Crear | Villager (Male) |
| 16:50 | Construir | House |
| 16:54 | Construir | House |
Cronología de la partida
| 5:41 | VIT | Hera · first_building Barracks |
| 6:34 | VIT | Hera · wall_segment Palisade Wall x1 |
| 8:18 | Rosfield · first_building Barracks |
| 9:00 | Rosfield · wall_segment Palisade Wall x1 |
| 9:17 | VIT | Hera · age_up feudal |
| 9:20 | Rosfield · age_up feudal |
| 9:21 | Rosfield · first_building Archery Range |
| 9:24 | Rosfield · wall_segment Palisade Wall x1 |
| 9:27 | Rosfield · wall_segment Palisade Wall x1 |
| 9:34 | Rosfield · wall_segment Palisade Wall x1 |
| 9:34 | Rosfield · wall_segment Palisade Wall x1 |
| 9:35 | Rosfield · wall_segment Palisade Wall x1 |
| 10:27 | VIT | Hera · first_building Archery Range |
| 11:25 | VIT | Hera · wall_segment Palisade Wall x1 |
| 14:45 | Rosfield · wall_segment Palisade Wall x1 |
| 15:51 | Rosfield · wall_segment Palisade Wall x1 |
| 17:01 | Rosfield · resign |
[ ANÁLISIS IA · 1 CRÉDITO ]
¿Qué pasó realmente en esta partida?
Wolo.gg analiza cada decisión: build order, eco, micro, errores típicos por bracket. Análisis personalizado por WhatsApp o Discord en 30 segundos.
Guía civ
Japoneses
Perfil
Hera